 Dungeon Crawl Stone Soup version 0.20-a0-537-g052e6ba (webtiles) character file.

77 Duffy the Chopper (level 3, -2/30 HPs)
             Began as a Demigod Fighter on Jan 28, 2017.
             Succumbed to Tux's ghost's poison
             ... on level 3 of the Dungeon.
             The game lasted 00:01:55 (2159 turns).

Duffy the Chopper (Demigod Fighter)                 Turns: 2159, Time: 00:01:55

Health: -2/30      AC:  7    Str: 21    XL:     3   Next: 91%
Magic:  5/5        EV:  7    Int: 12    God:
Gold:   64         SH:  9    Dex: 15    Spells: 2/2 levels left

rFire    . . .     SeeInvis .   a - +0 war axe
rCold    . . .     Gourm    .   b - +0 scale mail
rNeg     . . .     Faith    .   c - +0 shield
rPois    .         Spirit   .   (no helmet)
rElec    .         Reflect  .   (no cloak)
rCorr    .         Harm     .   (no gloves)
MR       .....                  e - +0 pair of boots
Stlth    ..........             (no amulet)
Regen    0.1/turn               (no ring)
                                (no ring)

@: lethally poisoned (-2 -> -40)
A: high mp 1
a: no special abilities


You were on level 3 of the Dungeon.
You were not hungry.

You visited 1 branch of the dungeon, and saw 3 of its levels.

You collected 64 gold pieces.

Inventory:

Hand Weapons
 a - a +0 war axe (weapon)
Armour
 b - a +0 scale mail (worn)
 c - a +0 shield (worn)
 e - a +0 pair of boots (worn)
Scrolls
 i - a scroll of blinking {unknown}
 j - 3 scrolls of teleportation {unknown}
 k - 2 scrolls of identify {unknown}
Potions
 d - 2 potions of might
 h - a potion of agility
 m - a potion of flight {unknown}
Comestibles
 f - 3 bread rations
 g - a meat ration
 l - a chunk of flesh


   Skills:
 - Level 2.6 Fighting
 + Level 4.0 Axes
 - Level 2.6 Armour
 - Level 2.6 Shields


You had 2 spell levels left.
You didn't know any spells.

Dungeon Overview and Level Annotations

Branches:
Dungeon (3/15)

Annotations:
D:3 Tux's ghost, amateur TeAE


Innate Abilities, Weirdness & Mutations

You have an increased reservoir of magic. (+10% MP)


Message History

You feel sick. You block the bat's attack. The bat hits you but does no damage.
Tux's ghost hits you but does no damage.
You are more poisoned.
You hit Tux's ghost but do no damage.
Tux's ghost is moderately damaged.
You miss the bat.
You feel very sick. You block the bat's attack. You block Tux's ghost's attack.
The bat closely misses you.
Tux's ghost points at you and mumbles some strange words.
The zap hits you!
You slash Tux's ghost!
Tux's ghost is severely damaged.
You closely miss the bat.
You feel very sick. The bat barely misses you. Tux's ghost hits you.
You are more poisoned.
You closely miss Tux's ghost.
Tux's ghost is severely damaged.
You die...

..<.....#
##.$..#..###
#... ## ##.#.#
... #... .. .#
# #### #..#
###. .#
..(#.#..# ...
..
..(#.#..####.#
##
####...?##.#.#
.....#..#..).#
._....W@...)<#
....$b.....###
##.#...........
#.........####
..........##
#####.$#### #.#
..


You could see 2 dancing weapons, Tux's ghost and a bat.

Vanquished Creatures
  An adder (D:2)
  An ooze (D:1)
  A dart slug (D:2)
  2 leopard geckos (D:3)
  2 ball pythons
  6 bats
  3 giant cockroaches
  4 goblins
  6 hobgoblins
  4 jackals (D:1)
  A quokka (D:2)
  14 frilled lizards
  8 kobolds
  3 rats
56 creatures vanquished.

Notes
Turn   | Place    | Note
-------+----------+-------------------------------------------
     0 | D:1      | Duffy the Demigod Fighter began the quest for the Orb.
     0 | D:1      | Reached XP level 1. HP: 18/18 MP: 3/3
    44 | D:1      | Reached skill level 2 in Axes
    70 | D:1      | Reached XP level 2. HP: 21/25 MP: 4/4
   239 | D:1      | Reached skill level 3 in Axes
   579 | D:1      | Reached XP level 3. HP: 29/30 MP: 5/5
   915 | D:2      | Found a stormy altar of Qazlal.
  1569 | D:3      | Noticed Tux's ghost (amateur TeAE)
  1921 | D:3      | Reached skill level 4 in Axes
  2150 | D:3      | Found a hide-covered altar of Uskayaw.
  2150 | D:3      | Noticed a dagger
  2152 | D:3      | Noticed a hand axe
  2159 | D:3      | Succumbed to Tux's ghost's poison

Vault maps used:
D:1:      dpeg_arrival_castle, minmay_lizard_pond
D:2:      old_standard_altar, first_bread
D:3:      overflow_temple_1_default, dancing_weapons_uskayaw,
          chequers_ecumenical_altar_simple, kennysheep_generic_room_5

Skill      XL: |  1  2  3 |
---------------+----------+-----
Axes           | 2 3 4 |  4.0
Fighting       | |  2.6
Armour         | |  2.6
Shields        | |  2.6

Action                   || total
-------------------------++-------
Melee: War axe           ||   169
  Use: Potion            ||     2
  Eat: Chunk             ||     4
Armor: Scale mail        ||    83
Dodge: Dodged            ||    45
Block: Shield            ||    96
